 Dungeon Crawl Stone Soup version 0.30-a0-414-gcb316572d5 (webtiles) character file.

Game seed: 13491272677010699104

3688 NinjaNoafa the Grappler (level 10, 0/88 HPs)
             Began as a Ghoul Monk on Dec 7, 2022.
             Was an Elder of Fedhas.
             Slain by an orc
             ... wielding a +0 halberd
              (2 damage)
             ... in a bailey.
             The game lasted 00:14:22 (9033 turns).

NinjaNoafa the Grappler (Ghoul Monk)                Turns: 9033, Time: 00:14:23

Health: 0/88       AC: 15    Str: 20    XL:     10   Next: 13%
Magic:  13/13      EV:  6    Int:  5    God:    Fedhas [****..]
Gold:   642        SH:  6    Dex: 11    Spells: 9/9 levels left

rFire   . . .      SeeInvis .      - Unarmed
rCold   + . .      Faith    .    c - +0 kite shield
rNeg    + + +      Spirit   .    F - +0 plate armour
rPois   ∞          Reflect  .    (no helmet)
rElec   .          Harm     .    u - +0 cloak
rCorr   .          Rampage  .    (no gloves)
Will    +....                    m - +0 pair of boots
Stlth   ..........               (no amulet)
HPRegen 0.00/turn                w - ring of willpower
MPRegen 0.13/turn                (no ring)

@: inhibited regen
A: claws 1, cold resistance 1, negative energy resistance 3, inhibited
regeneration, torment resistance 2, devour on kill
a: Renounce Religion, Wall of Briars, Grow Ballistomycete, Overgrow


You were in a bailey.
You worshipped Fedhas.
Fedhas was greatly pleased with you.
You visited 2 branches of the dungeon, and saw 10 of its levels.
You also visited: Bailey.

You collected 642 gold pieces.

Inventory:

Missiles
 g - 71 stones
 o - 4 javelins
 B - 13 boomerangs (quivered)
Armour
 c - a +0 kite shield (worn)
 m - a +0 pair of boots (worn)
 u - a +0 cloak (worn)
 F - a +0 plate armour (worn)
Jewellery
 w - a ring of willpower (left claw)
Wands
 z - a wand of roots (10)
 C - a wand of paralysis (12)
 G - a wand of flame (19)
Scrolls
 d - 3 scrolls of teleportation
 f - 4 scrolls of fog
 l - 3 scrolls of enchant armour
 p - a scroll of poison
 q - a scroll of blinking
 x - a scroll of silence {unknown}
 y - 2 scrolls of noise {unknown}
 D - a scroll of brand weapon {unknown}
Potions
 e - a potion of might {unknown}
 j - 3 potions of flight
 r - 2 potions of brilliance {unknown}
 s - a potion of berserk rage {unknown}
 v - a potion of magic {unknown}


   Skills:
 - Level 8.0 Fighting
 + Level 6.6 Armour
 - Level 6.0 Dodging
 - Level 2.1 Stealth
 - Level 10.0 Unarmed Combat
 - Level 6.0 Invocations


You had 9 spell levels left.
You didn't know any spells.
Your spell library contained the following spells:

 Spells                   Type           Power      Damage    Failure   Level
 Ensorcelled Hibernation  Hex/Ice        0%         N/A       100%        2
 Summon Guardian Golem    Hex/Summ       0%         N/A       100%        3
 Anguish                  Hex/Necr       0%         N/A       100%        4
 Animate Dead             Necr           0%         N/A       100%        4
 Conjure Ball Lightning   Conj/Air       0%         3x3d6     100%        6
 Haunt                    Necr/Summ      0%         N/A       100%        7
 Orb of Destruction       Conj           0%         9d5       100%        7
 Spellforged Servitor     Conj/Summ      0%         N/A       100%        7
 Discord                  Hex            0%         N/A       100%        8
 Disjunction              Tloc           0%         N/A       100%        8
 Infestation              Necr           0%         N/A       100%        8
 Spider Form              Tmut/Pois      Unusable   N/A       N/A         3

Dungeon Overview and Level Annotations

Branches:
Dungeon (9/15)             Temple (1/1) D:5          Bailey (1/1)
   Lair: D:8-11         Orc: D:9-12

Altars:
Ashenzari
Cheibriados
Dithmenos
Fedhas
Gozag
Kikubaaqudgha
Makhleb
Nemelex Xobeh
Okawaru
Qazlal
Ru
Sif Muna
Trog
Uskayaw
Vehumet
Wu Jian
Yredelemnul

Shops:
D:6 :   D:9 [


Innate Abilities, Weirdness & Mutations

You are immune to poison.
You have sharp fingernails.
Your flesh is cold resistant. (rC+)
You are immune to negative energy. (rN+++)
You do not regenerate when monsters are visible.
You are immune to unholy pain and torment.
You thrive by killing the living.


Message History

The orc warrior hits you but does no damage.
The orc hits you but does no damage. The orc warrior closely misses you.
You scratch the orc warrior.
The orc warrior is almost dead.
You block the orc warrior's attack. The orc barely misses you.
The orc warrior hits you from afar with a +0 halberd.
You closely miss the orc warrior.
The orc warrior is almost dead.
The orc warrior hits you but does no damage.
You block the orc's attack. The orc warrior barely misses you.
You claw the orc warrior!
You kill the orc warrior!
Fedhas appreciates your contribution to the ecosystem.
You feel better.
The orc warrior hits you from afar with a +0 halberd.
The orc hits you but does no damage.
The orc warrior hits you with a +0 halberd!
The orc hits you but does no damage.
Items here: ))))) [ ÷ ††.
You closely miss the orc warrior. You block the orc warrior's attack.
The orc hits you but does no damage.
You barely miss the orc warrior.
The orc warrior hits you with a +0 halberd.
* * * LOW HITPOINT WARNING * * *
The orc hits you but does no damage.
You miss the orc warrior.
The orc warrior hits you with a +0 halberd.
* * * LOW HITPOINT WARNING * * *
You block the orc's attack.
You closely miss the orc warrior.
The orc warrior hits you with a +0 halberd!
* * * LOW HITPOINT WARNING * * *
The orc barely misses you.
The orc warrior attacks as you move away!
The orc warrior hits you with a +0 halberd!
* * * LOW HITPOINT WARNING * * *
You block the orc warrior's attack.
The orc hits you from afar with a +0 halberd.
You die...
Fedhas appreciates your contribution to the ecosystem.

#######
##..∩..##
#.......#
#∩.....∩#
#..o....#
#..)o...#
#)@#.#..#
#)##8##.#
#).#.#.)#
#....).o#
#.......#
#.......#
##.....##
###'###
#...#


You could see an orc warrior and an orc.

Vanquished Creatures
  Pikel (D:8)
  A wraith (D:9)
  A steam dragon (D:8)
  2 water moccasins
  An ice beast (D:7)
  3 orc warriors (Bailey)
  2 centaurs
  2 lemures (D:8)
  2 bullfrogs
  2 necrophages
  2 gnoll sergeants
  3 scorpions
  3 wights (D:8)
  5 killer bees (D:8)
  A howler monkey (D:8)
  An orc priest (D:3)
  2 jellies
  Crazy Yiuf (D:7)
  3 hounds
  2 gnoll boudas
  Ijyb (D:5)
  5 iguanas
  5 orc wizards
  22 gnolls
  9 adders
  A white imp (D:6)
  A worm (D:3)
  A dart slug (D:1)
  28 orcs
  6 endoplasms
  A giant cockroach (D:4)
  8 goblins
  12 hobgoblins
  2 jackals (D:4)
  6 kobolds
  3 quokkas
  10 ball pythons
  3 bats
  5 frilled lizards
  7 rats
176 creatures vanquished.

Vanquished Creatures (collateral kills)
  An orc warrior (D:7)
  A wight (D:8)
  A killer bee (D:8)
  An orc wizard (D:9)
  A gnoll (D:9)
  3 orcs
  A ballistomycete spore (D:8)
9 creatures vanquished.

Vanquished Creatures (others)
  A gnoll (D:9)
1 creature vanquished.

Grand Total: 186 creatures vanquished

Notes
Turn   | Place    | Note
-------+----------+-------------------------------------------
     0 | D:1      | NinjaNoafa the Ghoul Monk began the quest for the Orb.
     0 | D:1      | Reached XP level 1. HP: 19/19 MP: 0/0
   221 | D:1      | Reached XP level 2. HP: 13/26 MP: 1/1
   332 | D:1      | Reached skill level 4 in Unarmed Combat
   449 | D:1      | Found a faded altar of an unknown god.
   877 | D:1      | Reached XP level 3. HP: 28/31 MP: 2/2
  1082 | D:2      | Reached skill level 5 in Unarmed Combat
  1226 | D:2      | Reached skill level 8 in Unarmed Combat
  1226 | D:2      | Reached XP level 4. HP: 46/47 MP: 3/3
  1228 | D:2      | Reached XP level 5. HP: 44/52 MP: 4/4
  2221 | D:3      | Reached XP level 6. HP: 59/60 MP: 5/5
  2502 | D:4      | Found a blossoming altar of Fedhas.
  2515 | D:4      | Reached skill level 1 in Armour
  2535 | D:4      | Became a worshipper of Fedhas Madash
  2535 | D:4      | Reached * piety under Fedhas
  2535 | D:4      | Reached ** piety under Fedhas
  2721 | D:4      | Found a bloodstained altar of Trog.
  2729 | D:4      | Reached skill level 9 in Unarmed Combat
  2799 | D:4      | You fall into a shaft and drop 1 floor!
  2799 | D:5      | Entered Level 5 of the Dungeon
  2821 | D:5      | Reached XP level 7. HP: 57/67 MP: 6/6
  3601 | D:5      | Found a staircase to the Ecumenical Temple.
  3618 | Temple   | Entered the Ecumenical Temple
  3863 | D:5      | Noticed Ijyb
  3881 | D:5      | Killed Ijyb
  3995 | D:6      | Found an ornate altar of the Wu Jian Council.
  4162 | D:6      | Found Tirhuotse's Vocational Training.
  4316 | D:6      | Reached XP level 8. HP: 70/74 MP: 7/7
  5077 | D:7      | Identified the +0 chain mail of Dishonesty {Int+4}
  5095 | D:7      | Reached skill level 10 in Unarmed Combat
  5281 | D:7      | Reached *** piety under Fedhas
  5476 | D:7      | Found a runed translucent door.
  5477 | D:7      | Noticed Crazy Yiuf
  5647 | D:7      | Found a burning altar of Makhleb.
  5794 | D:7      | Killed Crazy Yiuf
  5858 | D:8      | Reached skill level 5 in Armour
  5884 | D:8      | Reached XP level 9. HP: 81/81 MP: 8/8
  5935 | D:8      | HP: 2/81 [wight/+0 battleaxe (6)]
  5958 | D:8      | Noticed a +0 short sword
  5958 | D:8      | Noticed a +0 falchion
  6316 | D:8      | Reached skill level 1 in Invocations
  6368 | D:8      | Noticed a +0 dagger
  6368 | D:8      | Noticed a +0 spear
  6370 | D:8      | Noticed a +0 spear
  6371 | D:8      | Noticed a +0 short sword
  6404 | D:8      | Noticed a +0 dagger
  6406 | D:8      | Noticed a +0 falchion
  6427 | D:8      | Found a hide-covered altar of Uskayaw.
  6573 | D:8      | Noticed Pikel
  6604 | D:8      | Killed Pikel
  6751 | D:8      | Found a radiant altar of Vehumet.
  6822 | D:8      | Reached skill level 5 in Invocations
  6920 | D:8      | Found a shadowy altar of Dithmenos.
  7889 | D:9      | Reached XP level 10. HP: 19/88 MP: 10/13
  7908 | D:9      | Found Moduhem's Armour Boutique.
  7938 | D:9      | Found a flagged portal.
  8148 | D:9      | HP: 4/88 [steam dragon/ball of steam (13)]
  8165 | Bailey   | Entered a bailey
  8733 | Bailey   | Reached **** piety under Fedhas
  9033 | Bailey   | HP: 2/88 [orc warrior/+0 halberd (10)]
  9033 | Bailey   | Slain by an orc

Illustrated notes

Levels and vault maps discovered:
D:1:      dpeg_arrival_boxes_within_box, layout_basic, basic_ecumenical_altar
D:2:      layout_loops_cross, minmay_goblin_outpost
D:3:      layout_rooms
D:4:      layout_cave_pods, old_standard_altar,
          mainiacjoe_overflow_surrounded_room, serial_column_ruins,
          column_ruins_open_tiny, column_ruins_open_large, column_ruins_grid_3,
          column_ruins_grid_1, column_ruins_open_tiny_water,
          column_ruins_open_small, column_ruins_grid_1
D:5:      layout_rooms, minmay_temple_entry_ruins, uniq_ijyb
D:6:      layout_basic, mainiacjoe_overflow_concentric_impassable,
          nicolae_shop_vocational
D:7:      layout_rooms, nicolae_overflow_hidden_temple, lightli_temple_of_fire,
          uniq_crazy_yiuf_cottage
D:8:      layout_basic, mainiacjoe_overflow_alcove_2, nicolae_uskayaw_en_pointe,
          mainiacjoe_overflow_six_doors_small, vehumet_altar_wand_db,
          serial_bayou_pond_e, uniq_pikel
D:9:      layout_rooms, enter_bailey_2, serial_shops, shop,
          minmay_misc_feat_nine_boxes, uniq_maurice
Temple:   minmay_freezing_vapour_temple
Bailey:   bailey_polearm_5, bailey

Skill      XL: |  1  2  3  4  5  6  7  8  9 |
---------------+----------------------------+-----
Unarmed Combat | 4 8 9 10 | 10.0
Fighting       | 7 8 |  8.0
Dodging        | 6 |  6.0
Armour         | 1 2 5 6 |  6.6
Invocations    | 6 |  6.0
Stealth        | |  2.1

Action                   |  1- 3 |  4- 6 |  7- 9 | 10-12 || total
-------------------------+-------+-------+-------+-------++-------
Melee: Unarmed           |   121 |   113 |   283 |    59 ||   576
       Punch             |     3 |     5 |    11 |       ||    19
Throw: Stone             |       |     4 |       |       ||     4
       Boomerang         |       |       |     6 |       ||     6
Invok: Wall of Briars    |       |       |     3 |       ||     3
       Grow Ballistomyce |       |       |     1 |       ||     1
Evoke: Wand              |       |       |     2 |     1 ||     3
  Use: Potion            |     5 |       |     3 |     4 ||    12
       Scroll            |       |       |    12 |     1 ||    13
 Stab: Sleeping          |     3 |     1 |       |       ||     4
Armor: Robe              |    11 |     3 |       |       ||    14
       Chain mail        |       |    44 |    78 |       ||   122
       Plate armour      |       |       |   161 |    65 ||   226
Dodge: Dodged            |    65 |    46 |   158 |    61 ||   330
Block: Kite shield       |       |       |       |    52 ||    52

Table legend: (Time is in decaauts)
 A = Elapsed time spent in this place.
 B = Non-inter-level travel time spent in this place.
 C = Inter-level travel time spent in this place.
 D = Time resting spent in this place.
 E = Time spent auto-exploring this place.
 F = Levels seen in this place.
 G = Mean time per level.
                   A        B        C        D        E       F      G
               +--------+--------+--------+--------+--------+-----+--------+
         Total |   8969 |   8567 |    402 |   1143 |   5863 |  11 |  815.4 |
       Dungeon |   8072 |   7675 |    397 |    640 |   5601 |   9 |  896.9 |
        Temple |     28 |     23 |      5 |      0 |     13 |   1 |   28.0 |
        Bailey |    868 |    868 |      0 |    503 |    249 |   1 |  868.0 |
               +--------+--------+--------+--------+--------+-----+--------+

Top non-repeatable levels by time:
     D:8: 1727 daAuts
     D:7: 1219 daAuts
     D:2: 1026 daAuts
     D:4: 1007 daAuts
     D:6: 977 daAuts
     D:1: 914 daAuts
  Bailey: 868 daAuts
     D:5: 544 daAuts
     D:3: 434 daAuts
     D:9: 220 daAuts
  Temple: 28 daAuts
